 Dungeon Crawl Stone Soup version 0.25-a0-44-g29a1220a87 (webtiles) character file.

Game seed: 4601842897254549890, levelgen mode: deterministic

22 iamserjio the Ducker (level 2, 0/14 HPs)
             Began as a Felid Chaos Knight on Oct 24, 2019.
             Was a Plaything of Xom.
             Succumbed to an adder's poison
             ... on level 2 of the Dungeon.
             The game lasted 00:00:58 (1140 turns).

iamserjio the Ducker (Felid Chaos Knight)           Turns: 1140, Time: 00:00:59

Health: 0/14       AC:  1    Str: 13    XL:     2   Next: 68%
Magic:  3/3        EV: 19    Int: 13    God:    Xom [..*...]
Gold:   74         SH:  0    Dex: 15    Spells: 1/1 levels left
                                        Lives:  0   Deaths: 0

rFire    . . .     SeeInvis +     - Unarmed
rCold    . . .     Gourm    .   (shield unavailable)
rNeg     . . .     Faith    .   (armour unavailable)
rPois    .         Spirit   .   (helmet unavailable)
rElec    .         Reflect  .   (cloak unavailable)
rCorr    .         Harm     .   (gloves unavailable)
MR       .....                  (boots unavailable)
Stlth    ++........             (no amulet)
HPRegen  0.04/turn              (no ring)
MPRegen  0.08/turn              (no ring)

@: mighty, lethally poisoned (0 -> -9), quick
A: very small, no armour, no weapons or thrown items, stealth, claws 1, fangs 3,
see invisible, carnivore, speed 1, shaggy fur 1, slow metabolism 1, sharp paws
a: Renounce Religion


You were on level 2 of the Dungeon.
You worshipped Xom.
You were a toy of Xom.
You were very full.

You visited 1 branch of the dungeon, and saw 2 of its levels.

You collected 74 gold pieces.

Inventory:

Wands
 b - a wand of random effects (14)
Scrolls
 e - a scroll of fog {unknown}
 h - a scroll of enchant armour {unknown}
 i - a scroll of blinking {unknown}
 j - a scroll of remove curse {unknown}
 k - 2 scrolls of teleportation {unknown}
 l - a scroll of noise {unknown}
 m - a scroll of identify {unknown}
Potions
 d - a potion of curing {unknown}
 f - a potion of flight {unknown}
 g - a potion of ambrosia {unknown}
Comestibles
 a - 4 rations


   Skills:
 - Level 3.0 Fighting
 + Level 3.7 Dodging
 * Level 3.7 Unarmed Combat


You had one spell level left.
You didn't know any spells.
Your spell library was empty.

Dungeon Overview and Level Annotations

Branches:
Dungeon (2/15)

Altars:
Sif Muna


Innate Abilities, Weirdness & Mutations

You cannot wear armour.
You are incapable of wielding weapons or throwing items.
Your paws allow you to move quietly. (Stealth)
You have sharp claws.
You have razor-sharp teeth.
You have supernaturally acute eyesight. (SInv)
You are carnivorous and can eat meat at any time.
You cover ground quickly.
You are covered in fur. (AC +1)
You have a slow metabolism.
Your sharp claws are effective at attacking unaware monsters.


Message History

You start resting.
Xom's power almost touches on you for a moment.
Wisps of poison gas drift from your paws.
You start resting.
HP restored.
You climb downwards.
The adder misses you. The frilled lizard misses you.
The kobold barely misses you. The adder bites you.
There is a stone staircase leading up here.
The frilled lizard misses you.
You completely miss the adder. The adder bites you.
You are lethally poisoned!
The adder poisons you!
You barely miss the adder.
You feel sick. The adder bites you. x2
* * * LOW HITPOINT WARNING * * *
You scratch the adder. The adder misses you.
It was a potion of might.
You feel very mighty all of a sudden.
Xom thinks this is hilarious!
You die...
Xom guffaws!

######[......##
####.............+
#.............####
##.............#
...........<..r#
...............# .
...............# ...
.............rK####.....
.......###....lS@.......
.......###########.....#
###............ ....+
#.########### ...# #.#
...# #.##############...
.# #....g.l........... .
#....K.......#####
#......S.....###


You could see an adder, a kobold, a frilled lizard and a rat.

Vanquished Creatures
  An ooze (D:1)
  A giant cockroach (D:2)
  3 goblins (D:1)
  A hobgoblin (D:1)
  4 jackals (D:1)
  3 kobolds
  2 frilled lizards (D:1)
15 creatures vanquished.

Notes
Turn   | Place    | Note
-------+----------+-------------------------------------------
     0 | D:1      | iamserjio the Felid Chaos Knight began the quest for the
                  | Orb.
     0 | D:1      | Reached XP level 1. HP: 10/10 MP: 2/2
    73 | D:1      | Reached XP level 2. HP: 7/14 MP: 3/3
   261 | D:1      | XOM: divination: detect creatures
  1034 | D:2      | Found a shimmering blue altar of Sif Muna.
  1045 | D:2      | XOM: potion effect (berserk rage)
  1094 | D:1      | XOM: harmless Pois miscast
  1140 | D:2      | Succumbed to an adder's poison

Levels and vault maps discovered:
D:1:      sevenhm_arrival_forest_fort_small_4, layout_basic
D:2:      layout_basic, nicolae_overflow_hidden_temple, old_standard_altar,
          lemuel_doored_altar, eat_drink_and_be_merry_uskayaw,
          chequers_arboretum, uniq_crazy_yiuf_cottage

Action                   || total
-------------------------++-------
Melee: Unarmed           ||    55
       Bite              ||     4
  Use: Potion            ||     1
  Eat: Chunk             ||     7
Armor: Skin              ||     2
Dodge: Dodged            ||    45

Table legend:
 A = Non-vault XP
 B = Vault XP
 C = Vault XP percentage of total XP
 D = Non-vault monster count
 E = Vault monster count
 F = Vault count percentage of total count
                 A         B        C        D         E       F
            +---------+---------+-------+---------+---------+-------
      Total |      32 |       0 |   0.0 |      15 |       0 |   0.0
            +---------+---------+-------+---------+---------+-------
        D:1 |      29 |       0 |   0.0 |      13 |       0 |   0.0
        D:2 |       3 |       0 |   0.0 |       2 |       0 |   0.0
            +---------+---------+-------+---------+---------+-------
